 Dungeon Crawl Stone Soup version 0.31.0-11-ge490571c62 (webtiles) character file.

Game seed: 5335524188093649789

109083 Yore the Warrior (level 16, -18/104 HPs)
             Began as a Gargoyle Fighter on Jan 26, 2024.
             Was a High Priest of the Shining One.
             Demolished by an ironbound frostheart (35 damage)
             ... on level 1 of the Vaults.
             The game lasted 00:51:42 (26740 turns).

Yore the Warrior (Gargoyle Fighter)                Turns: 26740, Time: 00:51:43

Health: -18/104    AC: 48    Str: 29    XL:     16   Next: 51%
Magic:  0/37       EV:  5    Int: 13    God:    the Shining One [*****.]
Gold:   1344       SH: 10    Dex: 18    Spells: 15/15 levels left

rFire   + . .        a - +2 eveningstar (protect)
rCold   . . .        e - +0 kite shield {reflect}
rNeg    + + +        P - +1 crystal plate armour of Divine Compulsion {MP+9 Int+2}
rPois   ∞            (no helmet)
rElec   +            B - +2 cloak
rCorr   +            W - +1 pair of gloves {infuse}
SInv    .            (no boots)
Will    ++...        t - amulet "Gatuw" {Spirit Dex+3} Stlth
                     K - ring "Qadesk" {rF+ rCorr Str+6 Int+3 Stlth+}
HPRegen 0.37/turn    h - ring of willpower
MPRegen 0.25/turn

%: reflection, guardian spirit
@: under a protective aura, flying, glowing
A: sickness immunity, AC +12, big wings, negative energy resistance 1,
electricity resistance, torment resistance 1, petrification resistance, frail 1
a: Renounce Religion, Divine Shield, Cleansing Flame, Summon Divine Warrior


You were on level 1 of the Vaults.
You worshipped the Shining One.
The Shining One was extremely pleased with you.
You visited 5 branches of the dungeon, and saw 24 of its levels.
You also visited: Gauntlet.

You collected 2241 gold pieces.
You spent 897 gold pieces at shops.

Inventory:

Hand Weapons
 a - a +2 eveningstar of protection (weapon)
Missiles
 d - 18 boomerangs (quivered)
 C - a throwing net
 S - 6 silver javelins
Armour
 e - a +0 kite shield of reflection (worn)
 B - a +2 cloak (worn)
 P - the +1 crystal plate armour of Divine Compulsion (worn) {MP+9 Int+2}
   (You found it on level 3 of the Lair of Beasts)

   Int+2:     It affects your intelligence (+2).
   MP+9:      It affects your magic capacity (+9).
 W - a +1 pair of gloves of infusion (worn)
Jewellery
 h - a ring of willpower (right hand)
 l - a ring of ice
 n - the ring of Hefah {rF++ rC+ Stlth-}
   (You found it in a Gauntlet)

   [ring of protection from cold]

   rF++:      It greatly protects you from fire.
   rC+:       It protects you from cold.
   Stlth-:    It makes you less stealthy.
 p - a +6 ring of strength
 t - the amulet "Gatuw" (around neck) {Spirit Dex+3}
   (You found it on level 4 of the Dungeon)

   [amulet of guardian spirit]

   Spirit:    It causes incoming damage to be divided between your reserves of
   health and magic.
   Dex+3:     It affects your dexterity (+3).
 A - the ring of Ifraov {rF+++ rC++ rCorr Int-2 Dex-4}
   (You took it off a kobold brigand on level 11 of the Dungeon)

   [ring of resist corrosion]

   Int-2:     It affects your intelligence (-2).
   Dex-4:     It affects your dexterity (-4).
   rF+++:     It renders you almost immune to fire.
   rC++:      It greatly protects you from cold.
   rCorr:     It protects you from acid and corrosion.
 K - the ring "Qadesk" (left hand) {rF+ rCorr Str+6 Int+3 Stlth+}
   (You found it on level 1 of the Lair of Beasts)

   [ring of strength]

   Str+6:     It affects your strength (+6).
   Int+3:     It affects your intelligence (+3).
   rF+:       It protects you from fire.
   rCorr:     It protects you from acid and corrosion.
   Stlth+:    It makes you more stealthy.
 Q - the amulet "Zokleow" {Faith Int+2}
   (You found it in a Gauntlet)

   [amulet of faith]

   Faith:     It allows you to gain divine favour quickly.
   Int+2:     It affects your intelligence (+2).
Wands
 k - a wand of quicksilver (8)
 J - a wand of digging (13)
 L - a wand of paralysis (16)
 N - a wand of flame (11)
 T - a wand of polymorph (11)
 V - a wand of roots (5)
Scrolls
 j - 9 scrolls of poison
 m - 2 scrolls of fear
 q - 7 scrolls of teleportation
 r - 2 scrolls of fog
 v - 3 scrolls of enchant armour
 w - 2 scrolls of butterflies {unknown}
 x - 5 scrolls of noise {unknown}
 y - 6 scrolls of revelation
 E - 2 scrolls of brand weapon {unknown}
 H - a scroll of blinking {unknown}
 I - 2 scrolls of vulnerability
 M - 2 scrolls of enchant weapon {unknown}
 U - a scroll of silence {unknown}
Potions
 b - 4 potions of ambrosia
 f - 3 potions of cancellation
 g - 4 potions of magic
 i - 7 potions of enlightenment
 o - 8 potions of heal wounds
 s - 6 potions of brilliance
 u - 12 potions of curing
 z - a potion of berserk rage
 D - a potion of resistance {unknown}
 G - 3 potions of mutation
 R - 2 potions of haste
Miscellaneous
 F - a condenser vane
 O - a phial of floods


   Skills:
 * Level 18.7 Fighting
 + Level 13.1 Maces & Flails
 + Level 13.4 Armour
 - Level 6.0 Shields
 * Level 17.1 Invocations


You had 15 spell levels left.
You didn't know any spells.
Your spell library contained the following spells:

 Spells                   Type           Power      Damage    Failure   Level
 Apportation              Tloc           0%         N/A       100%        1
 Shock                    Conj/Air       0%         1d3       100%        1
 Blink                    Tloc           0%         N/A       100%        2
 Jinxbite                 Hex            0%         N/A       100%        2
 Lesser Beckoning         Tloc           0%         N/A       100%        2
 Momentum Strike          Conj/Tloc      0%         3d8       100%        2
 Scorch                   Fire           0%         2d5       100%        2
 Gell's Gravitas          Tloc           0%         N/A       100%        3
 Hailstorm                Conj/Ice       0%         3d5       100%        3
 Mephitic Cloud           Conj/Alch/Air  0%         N/A       100%        3
 Ozocubu's Armour         Ice            0%         N/A       100%        3
 Swiftness                Air            0%         N/A       100%        3
 Teleport Other           Tloc           0%         N/A       100%        3
 Tukima's Dance           Hex            0%         N/A       100%        3
 Volatile Blastmotes      Fire/Tloc      0%         2d10      100%        3
 Airstrike                Air            0%         2d(0-16)  100%        4
 Animate Dead             Necr           0%         N/A       100%        4
 Dimensional Bullseye     Hex/Tloc       0%         N/A       100%        4
 Flame Wave               Conj/Fire      0%         2d4       100%        4
 Ignite Poison            Fire/Alch      0%         N/A       100%        4
 Iskenderun's Mystic Bla  Conj/Tloc      0%         2d3       100%        4
 Vhi's Electric Charge    Tloc/Air       0%         N/A       100%        4
 Alistair's Intoxication  Alch           0%         N/A       100%        5
 Arcjolt                  Conj/Air       0%         1d10      100%        5
 Borgnjor's Vile Clutch   Necr/Erth      0%         N/A       100%        5
 Freezing Cloud           Conj/Ice/Air   0%         6-21      100%        5
 Irradiate                Conj/Alch      0%         3d11      100%        5
 Metabolic Englaciation   Hex/Ice        0%         N/A       100%        5
 Death Channel            Necr           0%         N/A       100%        6
 Sculpt Simulacrum        Ice/Alch       0%         N/A       100%        6
 Summon Cactus Giant      Summ           0%         N/A       100%        6
 Maxwell's Capacitive Co  Air            0%         ∞         100%        8
 Fire Storm               Conj/Fire      0%         5d1       100%        9
 Cigotuvi's Dreadful Rot  Necr/Alch/Air  Unusable   N/A       N/A         2

Dungeon Overview and Level Annotations

Branches:
Dungeon (15/15)            Temple (1/1) D:6            Lair (5/5) D:11
  Swamp (0/4) Lair:3        Snake (0/4) Lair:3        Slime (0/5) Lair:5
    Orc (2/2) D:12            Elf (0/3) Orc:2        Vaults (1/5) D:13
 Depths (0/4) D:15        Gauntlet (visited)

Altars:
Ashenzari
Cheibriados
Dithmenos
Elyvilon
Fedhas
Gozag
Hepliaklqana
Kikubaaqudgha
Makhleb
Nemelex Xobeh
Okawaru
Qazlal
Ru
Sif Muna
Trog
Uskayaw
Vehumet
Wu Jian
Xom
Zin
The Shining One
Jiyva

Shops:
D:7 *   D:9 [   D:13 *   Orc:2 =*(**

Annotations:
D:12 exclusions: ice statue and obsidian statue


Innate Abilities, Weirdness & Mutations

You are immune to sickness and miasma.
Your stone body is resilient. (AC +12)
You are immune to poison.
Your large and strong wings let you fly.
You resist negative energy. (rN+)
You are resistant to electric shocks. (rElec)
You are resistant to unholy torment.
You are immune to petrification.
You are frail. (-10% HP)


Message History

The deep troll claws you but does no damage.
The ironbound frostheart touches you but does no damage.
You bludgeon the deep troll!!
The deep troll is almost dead.
The deep troll barely misses you. You block the deep troll's attack.
The deep troll claws you but does no damage.
The ironbound frostheart completely misses you.
Unknown command.
You bludgeon the deep troll!!
You kill the deep troll!
The troll leather armour is intact enough to wear.
The ironbound frostheart touches you but does no damage.
Unknown command.
You hit the ironbound frostheart but do no damage.
The ironbound frostheart is moderately wounded.
The ironbound frostheart touches you but does no damage.
You hit the ironbound frostheart.
The ironbound frostheart is moderately wounded.
The ironbound frostheart calls freezing cold from the walls.
The frost grips you!!
* * * LOW HITPOINT WARNING * * *
You are encased in ice.
You are too injured to fight recklessly!
You are too injured to fight recklessly!
You are too injured to fight recklessly!
You are too injured to fight recklessly!
Unknown command.
You are too injured to fight recklessly!
You are too injured to fight recklessly!
You puncture the ironbound frostheart!
The ironbound frostheart is heavily wounded.
The ironbound frostheart calls freezing cold from the walls.
The frost grips you but does no damage.
You puncture the ironbound frostheart!
The ironbound frostheart is severely wounded.
The ice encasing you melts away. The ironbound frostheart touches you!
* * * LOW HITPOINT WARNING * * *
The ironbound frostheart freezes you!!
You die...

#.......####### ..
+.......# ##'####....#..#
#.....#...#...#
#.....#..#....#
+.....#.#.....#
#...).'.......#
#..[†p#########
############@#############
..................))......
...........†.)...)).......
..........###+#####.......
......)...#.... .......
..........#.... .......
.[........#..... .......
..........#...>. .......
..........#...... .......


You could see an ironbound frostheart.

Vanquished Creatures
  Kirke (D:14)
  A vault warden (Vaults:1)
  2 ironbound preservers (Vaults:1)
  A stone giant (D:15)
  A cacodemon (Gauntlet)
  A formless jellyfish (Vaults:1)
  A minotaur (Gauntlet)
  Josephine (Orc:2)
  The ghost of Jokingforfun the Thaumaturge, a journeyman GnEE of Nemelex Xobeh (D:10)
  Fannar (Lair:1)
  2 vault guards (Vaults:1)
  3 ogre magi
  3 hydras
  3 catoblepae (Lair:5)
  A death knight (D:14)
  3 boulder beetles
  7 centaur warriors
  13 two-headed ogres
  A hell hog (Gauntlet)
  5 tengu warriors
  3 orc high priests (Orc:2)
  5 death yaks (Lair:5)
  Sonja (D:11)
  A skeletal warrior (D:11)
  4 deep trolls (Vaults:1)
  An ironbound convoker (Vaults:1)
  A lindwurm (Lair:4)
  7 orc knights
  A harpy (shapeshifter) (D:13)
  4 deep elf pyromancers
  3 harpies (Vaults:1)
  A necromancer (D:13)
  4 orc sorcerers
  A wolf spider (D:11)
  6 manticores
  6 cyclopes
  8 ugly things
  Joseph (D:7)
  3 meliai (D:13)
  5 black mambas
  5 kobold blastminers (Orc:2)
  A gargoyle (D:10)
  3 vault sentinels (Vaults:1)
  4 unseen horrors
  Maggie (D:7)
  2 rime drakes
  11 cane toads
  4 kobold demonologists
  12 komodo dragons
  6 yaktaurs
  A minotaur zombie (Gauntlet)
  2 tengu conjurers
  2 freezing wraiths
  7 trolls
  A troll (shapeshifter) (D:11)
  A queen bee (D:13)
  17 blink frogs
  A hornet (D:7)
  A tyrant leech (Lair:3)
  A tarantella (shapeshifter) (D:13)
  A raiju (shapeshifter) (D:13)
  Sigmund (D:2)
  4 slime creatures
  4 vampires
  2 fire bats (Gauntlet)
  10 wraiths
  4 wyverns
  A neqoxec (Gauntlet)
  45 yaks
  3 hogs (D:14)
  6 basilisks
  3 steam dragons
  A harpy simulacrum (D:13)
  5 vampire mosquitoes (D:10)
  5 wargs
  A hell hound (Gauntlet)
  4 acid dragons
  15 water moccasins
  4 black bears
  26 orc warriors
  An ice beast (shapeshifter) (D:15)
  An ice beast (D:7)
  2 sky beasts
  5 ogres
  9 centaurs
  13 wolves
  11 bullfrogs
  3 kobold brigands
  2 gnoll sergeants
  3 scorpions
  9 wights
  43 killer bees
  An electric eel (Orc:2)
  A howler monkey (D:9)
  A bombardier beetle (D:5)
  4 jellies (Lair:5)
  4 hounds
  20 orc priests
  Crazy Yiuf (D:7)
  2 gnoll boudas
  4 iguanas
  22 orc wizards
  16 gnolls
  7 adders
  A shadow imp (D:5)
  3 white imps
  4 ufetubi
  4 dart slugs
  4 ribbon worms
  75 orcs
  5 ball pythons
  3 bats
  7 endoplasms
  5 giant cockroaches
  4 goblins
  5 hobgoblins
  4 jackals (D:4)
  3 quokkas
  5 frilled lizards
  22 kobolds
  2 rats (D:3)
687 creatures vanquished.

Vanquished Creatures (collateral kills)
  Rupert (Lair:5)
  Snorg (Lair:4)
  A catoblepas (Lair:5)
  A tengu conjurer (D:13)
  A polar bear (Lair:4)
  A yak (Lair:5)
6 creatures vanquished.

Vanquished Creatures (others)
  A human (D:14)
  A yak (D:10)
  An orc priest (Orc:2)
  3 orc wizards (Orc:2)
  2 orcs
8 creatures vanquished.

Grand Total: 701 creatures vanquished

Notes
Turn   | Place    | Note
-------+----------+-------------------------------------------
     0 | D:1      | Yore the Gargoyle Fighter began the quest for the Orb.
     0 | D:1      | Reached XP level 1. HP: 14/14 MP: 1/1
   238 | D:1      | Reached XP level 2. HP: 17/19 MP: 2/2
   969 | D:2      | Reached XP level 3. HP: 23/24 MP: 3/3
  1464 | D:2      | Reached skill level 4 in Fighting
  1528 | D:2      | Reached XP level 4. HP: 29/29 MP: 4/4
  1607 | D:2      | Noticed Sigmund
  1629 | D:2      | Killed Sigmund
  1630 | D:2      | Reached XP level 5. HP: 20/34 MP: 5/5
  1630 | D:2      | Reached XP level 6. HP: 23/40 MP: 6/6
  2065 | D:3      | Reached skill level 5 in Fighting
  2218 | D:3      | Found an ornate altar of the Wu Jian Council.
  2588 | D:4      | Identified the amulet "Gatuw" {Spirit Dex+3}
  2884 | D:4      | Found a white marble altar of Elyvilon.
  3058 | D:4      | Reached XP level 7. HP: 44/44 MP: 7/7
  3429 | D:5      | Entered Level 5 of the Dungeon
  3533 | D:5      | Reached skill level 6 in Fighting
  3533 | D:5      | Reached skill level 5 in Maces & Flails
  3787 | D:5      | Reached skill level 5 in Armour
  3794 | D:5      | Reached skill level 5 in Shields
  3811 | D:5      | Found a glowing silver altar of Zin.
  3813 | D:5      | Found a hide-covered altar of Uskayaw.
  3820 | D:5      | Found a shimmering blue altar of Sif Muna.
  3823 | D:5      | Found a stormy altar of Qazlal.
  3825 | D:5      | Found an opulent altar of Gozag.
  3830 | D:5      | Found a sparkling altar of Nemelex Xobeh.
  3853 | D:5      | Reached XP level 8. HP: 52/52 MP: 8/8
  3857 | D:5      | Identified the +10 falchion "Ultimatum" {pain, Str+3}
  4099 | D:6      | Identified the +0 pair of gloves of the Blessed Realm {Harm
                  | rPois rC+}
  4109 | D:6      | Reached skill level 7 in Fighting
  4212 | D:6      | Found a staircase to the Ecumenical Temple.
  4224 | Temple   | Entered the Ecumenical Temple
  4252 | Temple   | Became a worshipper of the Shining One
  4815 | D:6      | Found a sacrificial altar of Ru.
  4873 | D:7      | Noticed Joseph
  4873 | D:7      | Reached * piety under the Shining One
  4903 | D:7      | Killed Joseph
  4904 | D:7      | Reached skill level 8 in Fighting
  4904 | D:7      | Reached XP level 9. HP: 38/59 MP: 5/9
  5338 | D:7      | Noticed Maggie
  5377 | D:7      | Killed Maggie
  5378 | D:7      | Reached skill level 1 in Invocations
  5436 | D:7      | Found Buimub's Gadget Gallery.
  5605 | D:7      | Found a runed translucent door.
  5606 | D:7      | Noticed Crazy Yiuf
  5703 | D:7      | Noticed a hornet
  5716 | D:7      | Killed a hornet
  5841 | D:7      | Reached skill level 9 in Fighting
  5950 | D:6      | Reached XP level 10. HP: 64/66 MP: 13/13
  6331 | D:8      | Reached ** piety under the Shining One
  6474 | D:7      | Killed Crazy Yiuf
  6616 | D:8      | Reached skill level 5 in Invocations
  7082 | D:7      | Reached skill level 10 in Fighting
  7157 | D:8      | Identified the +7 whip of Vurghuf {flame, rN++}
  7160 | D:8      | Found a burning altar of Makhleb.
  7160 | D:8      | Noticed a cacodemon
  7477 | D:9      | Identified the +9 short sword of Causality {venom, rC+}
  7747 | D:9      | Found Biskamam's Armour Shoppe.
  7875 | D:9      | Identified the +6 war axe "Vuwk" {distort, Stlth+}
  7916 | D:9      | Reached *** piety under the Shining One
  8362 | D:10     | Entered Level 10 of the Dungeon
  8641 | D:10     | Noticed a gargoyle
  8658 | D:10     | Killed a gargoyle
  8660 | D:10     | Noticed a two-headed ogre
  8798 | D:10     | Noticed a two-headed ogre
  8813 | D:10     | Killed a two-headed ogre
  8814 | D:10     | Reached skill level 11 in Fighting
  8814 | D:10     | Reached XP level 11. HP: 74/74 MP: 16/16
  8821 | D:10     | Found a runed translucent gate.
  8821 | D:10     | Found a runed translucent gate.
  8848 | D:10     | Noticed a two-headed ogre
  8870 | D:10     | Killed a two-headed ogre
  8899 | D:10     | Noticed Jokingforfun's ghost (journeyman GnEE)
  8903 | D:10     | Found a runed translucent gate.
  8911 | D:10     | Identified the +1 chain mail of Noaretoo {Int+3 Dex+5}
  8935 | D:10     | Found a bloodstained altar of Trog.
  8936 | D:10     | Noticed a two-headed ogre
  8949 | D:10     | Killed a two-headed ogre
  9247 | D:10     | Killed a two-headed ogre
  9363 | D:10     | Found a shimmering altar of Xom.
  9603 | D:11     | Reached skill level 12 in Fighting
  9766 | D:11     | Noticed a centaur warrior
  9975 | D:11     | Noticed a two-headed ogre
  9975 | D:11     | Reached **** piety under the Shining One
  9975 | D:11     | Found a staircase to the Lair.
  9983 | D:11     | Killed a two-headed ogre
 10124 | D:11     | Killed a centaur warrior
 10325 | D:11     | Noticed a two-headed ogre
 10345 | D:11     | Killed a two-headed ogre
 10346 | D:11     | Reached XP level 12. HP: 67/82 MP: 14/19
 10450 | D:11     | Noticed Sonja
 10468 | D:11     | Killed Sonja
 10710 | D:11     | Identified the +2 robe of Napay {rC+}
 10742 | D:11     | Identified the ring of Ifraov {rF+++ rC++ rCorr Int-2
                  | Dex-4}
 10791 | D:11     | Reached skill level 10 in Invocations
 10845 | D:11     | Reached skill level 13 in Fighting
 10995 | D:11     | Noticed an ogre mage
 10995 | D:11     | Noticed a five-headed hydra
 11559 | D:11     | Identified the +3 leather armour "Uwkyog" {Int+2 Slay+2}
 11603 | D:11     | Noticed a boulder beetle
 11611 | D:11     | Killed an ogre mage
 11612 | D:11     | Reached skill level 10 in Maces & Flails
 12375 | D:12     | Found a staircase to the Orcish Mines.
 12543 | Lair:1   | Entered Level 1 of the Lair of Beasts
 12555 | Lair:1   | Reached skill level 10 in Armour
 12569 | Lair:1   | Identified the ring "Qadesk" {rF+ rCorr Str+6 Int+3 Stlth+}
 12595 | Lair:1   | Noticed Fannar
 12626 | Lair:1   | Killed Fannar
 12627 | Lair:1   | Reached skill level 14 in Fighting
 12627 | Lair:1   | Reached XP level 13. HP: 60/90 MP: 10/21
 12964 | Lair:1   | Identified a scroll of acquirement
 13986 | Lair:2   | Reached ***** piety under the Shining One
 14742 | Lair:3   | Identified the +3 scale mail of Creativity {+Inv rF+}
 14758 | Lair:3   | Found a staircase to the Swamp.
 15098 | Lair:3   | Found a staircase to the Snake Pit.
 15128 | Lair:3   | Identified the +1 crystal plate armour of Divine Compulsion
                  | {MP+9 Int+2}
 15229 | Lair:3   | Reached skill level 15 in Fighting
 16000 | D:10     | Killed Jokingforfun's ghost
 16113 | D:10     | Identified the +0 pair of gloves of the Devil's Advocate
                  | {Harm Dex+6}
 16780 | Lair:4   | Gained mutation: Your large and strong wings let you fly.
                  | [Gargoyle growth]
 16780 | Lair:4   | Reached XP level 14. HP: 95/98 MP: 23/23
 16812 | Lair:4   | Noticed Snorg
 16824 | Lair:4   | Killed Snorg
 17697 | Lair:5   | Entered Level 5 of the Lair of Beasts
 17717 | Lair:5   | Found a gate leading to a gauntlet.
 17757 | Gauntlet | Entered a Gauntlet
 17757 | Gauntlet | Found a transporter.
 17757 | Gauntlet | Found a transporter.
 17757 | Gauntlet | Found a transporter.
 17768 | Gauntlet | Found a transporter.
 17833 | Gauntlet | Found a transporter.
 17838 | Gauntlet | Identified the ring of Hefah {rF++ rC+ Stlth-}
 17839 | Gauntlet | Noticed a cacodemon
 17847 | Gauntlet | Found a transporter.
 17848 | Gauntlet | Identified the +1 tower shield "Nywke" {Dex+3 Stlth+}
 17863 | Gauntlet | Killed a cacodemon
 17865 | Gauntlet | Gained mutation: You are frail. (-10% HP) [a neqoxec]
 17975 | Gauntlet | Identified the amulet "Zokleow" {Faith Int+2}
 17985 | Gauntlet | Found a transporter.
 18331 | Lair:5   | Reached skill level 16 in Fighting
 18489 | Lair:5   | Noticed Rupert
 18529 | Lair:5   | Paralysed by Rupert for 4 turns
 19290 | Lair:5   | Found a viscous altar of Jiyva.
 19294 | Lair:5   | Found a staircase to the Slime Pits.
 19415 | Lair:5   | Killed Rupert
 19697 | Lair:5   | Got Polog's Spellbook of Refrigeration and Lava
 20020 | Orc:1    | Entered Level 1 of the Orcish Mines
 20027 | Orc:1    | You are sucked into a shaft and drop 1 floor!
 20027 | Orc:2    | Entered Level 2 of the Orcish Mines
 20034 | Orc:2    | Noticed Josephine
 20059 | Orc:2    | Killed Josephine
 20272 | Orc:2    | Found Gyuzyc's Assorted Antiques.
 20294 | Orc:2    | Bought a scroll labelled XAMERPH LIKKOONTAISM for 31 gold
                  | pieces
 20294 | Orc:2    | Bought a wand of quicksilver (2) for 260 gold pieces
 20340 | Orc:2    | Found a staircase to the Elven Halls.
 20572 | Orc:2    | Reached XP level 15. HP: 76/95 MP: 23/26
 20989 | Orc:2    | Found a bloodstained altar of Trog.
 21064 | Orc:2    | Reached skill level 15 in Invocations
 21339 | Orc:2    | Reached skill level 17 in Fighting
 21577 | Orc:2    | Found Pumag's Jewellery Emporium.
 21577 | Orc:2    | Found Olaa's General Store.
 21579 | Orc:2    | Found Kisis's Antique Weapon Emporium.
 21579 | Orc:2    | Found Xilot's General Store.
 21588 | Orc:2    | Bought a wand of quicksilver (3) for 176 gold pieces
 21590 | Orc:2    | Bought a scroll of teleportation for 51 gold pieces
 21590 | Orc:2    | Bought a +1 pair of gloves of infusion for 280 gold pieces
 21590 | Orc:2    | Bought a potion of curing for 51 gold pieces
 21940 | Orc:1    | Acquired a +2 eveningstar of protection
 22881 | D:13     | Found Obo Owid's General Store.
 23020 | D:13     | Bought a scroll of fear for 48 gold pieces
 23930 | D:13     | Got the Omnibus of Puissant Arson
 24372 | D:13     | Found a gate to the Vaults.
 24693 | D:14     | Noticed Kirke
 24710 | D:14     | Killed Kirke
 24711 | D:14     | Reached skill level 18 in Fighting
 25324 | D:14     | Reached XP level 16. HP: 102/102 MP: 28/28
 25667 | D:15     | Entered Level 15 of the Dungeon
 26161 | D:15     | Found a staircase to the Depths.
 26463 | Vaults:1 | Entered Level 1 of the Vaults
 26740 | Vaults:1 | Demolished by an ironbound frostheart

Illustrated notes

Levels and vault maps discovered:
D:1:      co_arrival_square_in_a_square_in_a_square, layout_basic
D:2:      layout_loops_corners, hangedman_glass_teeth, uniq_sigmund
D:3:      layout_rooms, overflow_temple_1_default
D:4:      layout_cave_pods, nicolae_elyvilon_peaceful_grove, minmay_cut_off
D:5:      layout_cave_pools, nicolae_overflow_hallway_of_the_gods
D:6:      layout_rooms, marbit_many_paths, minmay_temple_entry_offerings
D:7:      layout_basic, nicolae_overflow_hidden_temple, nicolae_shop_gadgets,
          uniq_joseph, uniq_maggie, uniq_crazy_yiuf_cottage
D:8:      layout_rooms, makhleb_altar_promises_db
D:9:      layout_small_grid, serial_shops, shop, special_room [special_room_orc]
D:10:     layout_gridville, trog_three_pillars_becter, xom_confusion_cloud,
          biasface_ghost_orc_armoury
D:11:     minmay_the_grid_triangle_9x9_recursive_2
          [minmay_the_grid_triangle_9x9_prize_insulated,
          minmay_the_grid_triangle_9x9_alien,
          minmay_the_grid_triangle_9x9_dagger,
          minmay_the_grid_triangle_9x9_minimal], layout_cave_pools,
          lair_entry_dummy, fungi_pond_lemuel, uniq_sonja
D:12:     layout_cave_pools, orc_0_dummy, david_greed
D:13:     regret_index_wax_grids, layout_basic,
          hellmonk_vaults_attempted_burglary, serial_shops,
          nicolae_shop_back_alley_shop
D:14:     layout_basic, hangedman_decor_diamond_cutter, chequers_arboretum,
          uniq_kirke
D:15:     grunt_enter_depths_snipers, layout_cave_pools,
          ebering_dispersal_statue_hall
Temple:   kb_temple_of_zot
Lair:1:   layout_chaotic_city, lemuel_fruit_fields, uniq_fannar
Lair:2:   layout_cave_pods, beast_lair_carwin_2
Lair:3:   layout_small_grid, minmay_swamp_entry_worms,
          minmay_snake_entry_six_corridors, chequers_serial_rivers_large_a,
          chequers_serial_rivers_micro_e, beast_lair_carwin_3,
          lemuel_fruit_fields
Lair:4:   layout_gridlike, uniq_snorg
Lair:5:   evilmike_catoblepas_cave, layout_regular_city,
          nicolae_slime_entry_field_trip, gauntlet_entry_generic, minivault_27,
          nicolae_lair_grazing_beasts [nicolae_sub_lair_graze_edge,
          nicolae_sub_lair_graze_edge, nicolae_sub_lair_graze_edge,
          nicolae_sub_lair_graze_edge], uniq_rupert
Orc:1:    layout_diamond_mine
Orc:2:    grunt_orc_tribal_feast, layout_caves, basic_altar, serial_shops, shop,
          nooodl_orcs_dogs, uniq_josephine
Vaults:1: gammafunk_ghost_grave, nicolae_vaults_back_hallway,
          hangedman_vaults_pinch, vaults_room_semicircle,
          nicolae_vaults_alarming, v_misc_19, nicolae_vaults_tetromino_Z_2,
          ontoclasm_vaults_chip, hangedman_vaults_hard_town_square,
          nicolae_vaults_variable_pillar_hall, ontoclasm_vaults_shuriken,
          vaults_mumra_chevron_long, ontoclasm_vaults_eye,
          hangedman_vaults_corner_blocks, hangedman_vaults_variations,
          v_misc_31, nicolae_vaults_layer_cake_slice,
          vaults_dpeg_emergency_exit, layout_vaults_omnibox, serial_shops,
          shop_statue

Skill      XL: |  1  2  3  4  5  6  7  8  9 10 11 12 13 14 15 16 |
---------------+-------------------------------------------------+-----
Fighting       | 4 5 6 8 9 11 12 14 15 16 18 | 18.7
Maces & Flails | 3 4 5 7 8 9 10 11 12 13 | 13.1
Armour         | 4 5 6 8 9 10 11 12 13 | 13.4
Shields        | 4 5 6 |  6.0
Invocations    | 4 7 9 11 13 14 16 17 | 17.1

Action                     |  1- 3 |  4- 6 |  7- 9 | 10-12 | 13-15 | 16-18 || total
---------------------------+-------+-------+-------+-------+-------+-------++-------
  Melee: Flail             |   131 |   160 |   240 |   110 |       |       ||   641
         Whip              |       |       |    35 |   631 |  1275 |       ||  1941
         Falchion          |       |       |    30 |       |       |       ||    30
         Eveningstar       |       |       |       |       |   347 |   165 ||   512
  Throw: Throwing net      |       |       |     1 |       |       |       ||     1
         Boomerang         |       |       |     6 |    50 |    39 |     9 ||   104
 Invoke: Divine Shield     |       |       |     1 |     1 |     2 |       ||     4
         Cleansing Flame   |       |       |       |     3 |    15 |     1 ||    19
         Summon Divine War |       |       |       |       |     4 |       ||     4
  Evoke: Wand              |       |       |     7 |    10 |     6 |       ||    23
         Condenser vane    |       |       |       |     1 |     2 |       ||     3
         Phial of floods   |       |       |       |       |     2 |       ||     2
    Use: Potion            |       |     3 |     2 |       |     3 |       ||     8
         Scroll            |       |     4 |     4 |     6 |    15 |       ||    29
   Stab: Held in net/web   |       |       |     1 |       |       |       ||     1
 Armour: Scale mail        |    76 |   110 |    81 |       |       |       ||   267
         Steam dragon scal |       |       |    41 |       |       |       ||    41
         Chain mail        |       |       |   144 |   595 |   139 |       ||   878
         Crystal plate arm |       |       |       |       |  1200 |   210 ||  1410
  Dodge: Dodged            |    77 |    59 |   134 |   243 |   318 |    50 ||   881
  Block: Buckler           |    25 |    28 |    99 |   193 |   342 |       ||   687
         Kite shield       |       |       |       |       |    90 |   120 ||   210
         Reflection        |       |       |       |       |     5 |    12 ||    17
